 Dungeon Crawl Stone Soup version 0.29.1-12-g30fa7ad0bf (webtiles) character file.

Game seed: 169810053907851822

1327 croobank the Sneak (level 8, 0/53 HPs)
             Began as an Octopode Conjurer on Dec 29, 2022.
             Was an Initiate of Gozag.
             Slain by a gnoll sergeant
             ... wielding a +0 flail
              (13 damage)
             ... on level 6 of the Dungeon.
             The game lasted 00:25:53 (7247 turns).

croobank the Sneak (Octopode Conjurer)              Turns: 7247, Time: 00:25:54

Health: 0/53       AC:  1    Str:  9    XL:     8   Next: 60%
Magic:  10/14      EV: 13    Int: 26    God:    Gozag
Gold:   257        SH:  0    Dex:  5    Spells: 6/15 levels left

rFire   + . .      SeeInvis .   s - +8 mace of Inflation {freeze, Int+4}
rCold   + . .      Faith    .   (no shield)
rNeg    . . .      Spirit   .   (helmet restricted)
rPois   .          Reflect  .   m - amulet of Wunivopn {rF+ Regen+ Str+2 Dex-5}
rElec   .          Harm     .   B - ring of protection from cold
rCorr   .          Rampage  .   (no ring)
Will    .....                   (no ring)
Stlth   ++++......              (no ring)
HPRegen 0.97/turn               (no ring)
MPRegen 0.14/turn               (no ring)
                                (no ring)
                                (no ring)

@: no status effects
A: almost no armour, amphibious, 8 rings, camouflage 1, gelatinous body 1,
(nimble swimmer 1), tentacles
a: Renounce Religion, Potion Petition, Call Merchant, Bribe Branch


You were on level 6 of the Dungeon.
You worshipped Gozag.
Gozag was aware of your devotion.
You visited 2 branches of the dungeon, and saw 7 of its levels.

You collected 513 gold pieces.
You spent 192 gold pieces at shops.
You paid 64 gold pieces to Gozag.

Inventory:

Hand Weapons
 a - a +3 vampiric whip
 d - a +0 short sword of venom
 g - a +0 vampiric dagger
 s - the +8 mace of Inflation (weapon) {freeze, Int+4}
   (You bought it in a shop on level 6 of the Dungeon)

   It freezes those it strikes, dealing additional cold damage.
   It can also slow down cold-blooded creatures.
   Int:       It affects your intelligence (+4).
 y - a +2 whip of holy wrath
Missiles
 c - 36 stones
 e - 11 poisoned darts
 j - a throwing net (quivered)
 k - 4 javelins
Jewellery
 m - the amulet of Wunivopn (around mantle) {rF+ Regen+ Str+2 Dex-5}
   (You found it on level 2 of the Dungeon)

   [amulet of regeneration]

   Str:       It affects your strength (+2).
   Dex:       It affects your dexterity (-5).
   rF:        It protects you from fire.
   Regen:     It increases your rate of health regeneration.
 u - an amulet of regeneration
 x - an amulet of reflection
 B - a ring of protection from cold (left tentacle)
Wands
 o - a wand of polymorph (3)
 D - a wand of light (10)
Scrolls
 b - 2 scrolls of teleportation
 t - a scroll of brand weapon
 w - a scroll of butterflies {unknown}
Potions
 f - 2 potions of ambrosia
 h - 2 potions of curing
 l - 2 potions of magic
 n - a potion of lignification {unknown}
 p - 2 potions of brilliance {unknown}
 q - 2 potions of flight {unknown}
 r - a potion of resistance {unknown}
 v - a potion of berserk rage {unknown}
 z - a potion of experience {unknown}
 A - a potion of attraction {unknown}
 E - a potion of haste {unknown}


   Skills:
 + Level 3.6 Fighting
 + Level 4.4 Dodging
 + Level 6.4 Stealth
 + Level 4.2 Spellcasting
 + Level 5.7 Conjurations
 + Level 3.3 Hexes
 + Level 1.5 Air Magic
 + Level 2.2 Poison Magic


You had 6 spell levels left.
You knew the following spells:

 Your Spells              Type           Power      Damage    Failure   Level
a - Magic Dart            Conj           100%       1d8       1%          1
b - Searing Ray           Conj           70%        2d7       1%          2
c - Dazzling Flash        Conj/Hex       56%        N/A       4%          3
d - Mephitic Cloud        Conj/Pois/Air  21%        N/A       7%          3

Your spell library contained the following spells:

 Spells                   Type           Power      Damage    Failure   Level
 Sublimation of Blood     Necr           5%         N/A       13%         2
 Wereblood                Tmut           5%         N/A       13%         2
 Inner Flame              Hex/Fire       14%        N/A       13%         3
 Fulminant Prism          Conj/Hex       14%        3d9       13%         4
 Ignite Poison            Fire/Tmut/Pois 9%         N/A       19%         3
 Cause Fear               Hex            11%        N/A       22%         4
 Gell's Gravitas          Tloc           5%         N/A       26%         3
 Lesser Beckoning         Tloc           5%         N/A       26%         3
 Teleport Other           Tloc           5%         N/A       26%         3
 Iskenderun's Mystic Bla  Conj/Tloc      20%        2d6       26%         4
 Freezing Cloud           Conj/Ice/Air   9%         6-21      65%         5
 Summon Hydra             Summ           2%         N/A       100%        7
 Discord                  Hex            11%        N/A       100%        8


Dungeon Overview and Level Annotations

Branches:
Dungeon (6/15)             Temple (1/1) D:4

Altars:
Ashenzari
Cheibriados
Dithmenos
Fedhas
Gozag
Hepliaklqana
Kikubaaqudgha
Qazlal
Ru
Zin

Shops:
D:1 [   D:6 (


Innate Abilities, Weirdness & Mutations

You cannot wear most types of armour.
You are amphibious.
You can wear up to eight rings at the same time.
Your skin changes colour to match your surroundings (Stealth+).
Your rubbery body absorbs attacks. (AC +1, EV +1)
((You are camouflaged when in or above water. (Stealth+)))
You have tentacles for arms and can constrict up to eight enemies at once.


Message History

Aiming: Searing Ray (safe; 1% risk of failure)
Press: ? - help, Shift-Dir - straight line, f - gnoll sergeant
Aim: a gnoll sergeant, wielding a +0 flail, wearing a +0 ring mail and wearing a +0 kite shield (lightly wounded, 88% to hit)
The searing ray hits the gnoll sergeant.
The gnoll sergeant is moderately wounded. (Press . to maintain the ray.)
The gnoll sergeant hits you with a +0 flail!
The searing ray hits the gnoll sergeant but does no damage.
The gnoll sergeant is moderately wounded.
The gnoll sergeant hits you with a +0 flail!
The searing ray hits the gnoll sergeant.
The gnoll sergeant is moderately wounded.
The gnoll sergeant hits you with a +0 flail!
The searing ray hits the gnoll sergeant!
The gnoll sergeant is severely wounded.
You finish channelling your searing ray.
The gnoll sergeant hits you with a +0 flail!
* * * LOW HITPOINT WARNING * * *
Throw: 3 throwing nets
Press: ? - help, Q - select action, (/) - cycle Shift-Dir - straight line, f/p - gnoll sergeant
Aim: a gnoll sergeant, wielding a +0 flail, wearing a +0 ring mail and wearing a +0 kite shield (severely wounded, 64% to hit)
You throw a throwing net.
The throwing net barely misses the gnoll sergeant.
The gnoll sergeant hits you with a +0 flail!
* * * LOW HITPOINT WARNING * * *
Throw: 2 throwing nets
Press: ? - help, Q - select action, (/) - cycle Shift-Dir - straight line, f/p - gnoll sergeant
Aim: a gnoll sergeant, wielding a +0 flail, wearing a +0 ring mail and wearing a +0 kite shield (severely wounded, 64% to hit)
Okay, then.
You feel much better.
The gnoll sergeant hits you with a +0 flail!
* * * LOW HITPOINT WARNING * * *
Throw: 2 throwing nets
Press: ? - help, Q - select action, (/) - cycle Shift-Dir - straight line, f/p - gnoll sergeant
Aim: a gnoll sergeant, wielding a +0 flail, wearing a +0 ring mail and wearing a +0 kite shield (severely wounded, 64% to hit)
You throw a throwing net.
The gnoll sergeant blocks the throwing net.
The gnoll sergeant hits you with a +0 flail!
You die...
Your body crumbles into a pile of gold.

.).......# ###......#
#......# ##########
###.###### #........#
#...# #........# #..##
#........# ...#
#........# ..######
#g.......# .......####
##.@.######
..####....####$...#
#.# ####.....)...# #.#
##........#
#.########.###....#
#.##..<....# ######
#.#..###############
#.#.### ##......##
###...######........##


You could see a gnoll sergeant.

Vanquished Creatures
  Menkaure (D:4)
  An orc warrior (D:6)
  A sky beast (D:6)
  An ice beast (D:5)
  A black bear (D:4)
  An ogre (D:3)
  A bullfrog (D:6)
  3 scorpions
  A howler monkey (D:5)
  A hound (D:4)
  An iron imp (D:5)
  2 gnoll boudas
  An iguana (D:5)
  2 orc wizards (D:6)
  5 adders
  19 gnolls
  A white imp (D:6)
  An ufetubus (D:5)
  A dart slug (D:1)
  6 orcs
  9 ball pythons
  8 bats
  12 endoplasms
  4 giant cockroaches
  7 goblins
  3 hobgoblins
  6 jackals
  3 kobolds
  7 quokkas
  2 frilled lizards
  2 rats
114 creatures vanquished.

Vanquished Creatures (others)
  3 plants (D:3)
3 creatures vanquished.

Grand Total: 117 creatures vanquished

Notes
Turn   | Place    | Note
-------+----------+-------------------------------------------
     0 | D:1      | croobank the Octopode Conjurer began the quest for the Orb.
     0 | D:1      | Reached XP level 1. HP: 11/11 MP: 3/3
   120 | D:1      | You fall into a shaft and drop 1 floor!
   162 | D:1      | Reached skill level 3 in Stealth
   162 | D:1      | Reached XP level 2. HP: 17/17 MP: 0/5
   548 | D:1      | Learned a level 2 spell: Searing Ray
   803 | D:1      | Found Dusasis's Armour Shoppe.
  1098 | D:1      | Reached XP level 3. HP: 22/22 MP: 3/6
  1102 | D:1      | Learned a level 3 spell: Dazzling Flash
  1745 | D:2      | Reached skill level 1 in Fighting
  1802 | D:2      | Identified the amulet of Wunivopn {rF+ Regen+ Str+2 Dex-5}
  1810 | D:2      | Reached XP level 4. HP: 23/28 MP: 0/7
  2834 | D:3      | Noticed an ogre
  2846 | D:3      | Killed an ogre
  2847 | D:3      | Reached skill level 4 in Stealth
  2847 | D:3      | Reached skill level 1 in Hexes
  2847 | D:3      | Reached XP level 5. HP: 34/34 MP: 0/9
  3276 | D:3      | Reached XP level 6. HP: 39/39 MP: 4/10
  3797 | D:4      | Noticed Menkaure
  3805 | D:4      | Killed Menkaure
  3806 | D:4      | Reached skill level 5 in Stealth
  3886 | D:4      | Found a broken altar of Ashenzari.
  3925 | D:4      | Found a staircase to the Ecumenical Temple.
  3930 | Temple   | Entered the Ecumenical Temple
  4001 | Temple   | Became a worshipper of Gozag Ym Sagoz the Greedy
  4062 | D:4      | Found a hazy altar of Hepliaklqana.
  4085 | D:4      | Reached skill level 5 in Conjurations
  4085 | D:4      | Reached XP level 7. HP: 27/45 MP: 2/11
  4452 | D:4      | Found an ancient bone altar of Kikubaaqudgha.
  4457 | D:4      | Found a blossoming altar of Fedhas.
  4814 | D:5      | Entered Level 5 of the Dungeon
  5465 | D:5      | Learned a level 3 spell: Mephitic Cloud
  6006 | D:5      | Reached XP level 8. HP: 52/52 MP: 4/13
  6125 | D:5      | Found a snail-covered altar of Cheibriados.
  6130 | D:5      | Reached skill level 6 in Stealth
  6221 | D:5      | Reached skill level 1 in Poison Magic
  6572 | D:6      | Found a stormy altar of Qazlal.
  6639 | D:6      | Reached skill level 1 in Air Magic
  6646 | D:6      | HP: 2/52 [orc warrior/+0 scimitar (12)]
  6806 | D:6      | Found Mimomm's Antique Weapon Boutique.
  7016 | D:6      | Bought a masterwork mace for 192 gold pieces
  7016 | D:6      | Identified the +8 mace of Inflation {freeze, Int+4} (You
                  | bought it in a shop on level 6 of the Dungeon)
  7247 | D:6      | Slain by a gnoll sergeant

Illustrated notes

Levels and vault maps discovered:
D:1:      scummos_arrival_simple_fountains, layout_basic, serial_shops,
          nicolae_shop_statue_plus
D:2:      layout_basic
D:3:      layout_rooms, nicolae_grassy_gnolls
D:4:      layout_gridville, mainiacjoe_overflow_surrounded_room,
          ashenzari_altar_1, grunt_temple_overflow_growth_and_decay,
          minmay_temple_entry_nine_rooms, serial_park_tiny_pond, uniq_menkaure
D:5:      layout_loops_corners, slow_altar_2, corner_web_ring,
          lemuel_flame_loot_1
D:6:      layout_rooms, mainiacjoe_overflow_small_starburst,
          mainiacjoe_overflow_swirl, serial_shops, shop
Temple:   nicolae_temple_figure_eight

Skill      XL: |  1  2  3  4  5  6  7  8 |
---------------+-------------------------+-----
Stealth        | 3 4 5 6 |  6.4
Fighting       | 1 2 3 |  3.6
Hexes          | 1 2 3 |  3.3
Dodging        | 3 4 |  4.4
Spellcasting   | 3 4 |  4.2
Conjurations   | 5 |  5.7
Poison Magic   | 2 |  2.2
Air Magic      | 1 |  1.5

Action                   |  1- 3 |  4- 6 |  7- 9 || total
-------------------------+-------+-------+-------++-------
Melee: Whip              |     2 |    25 |     5 ||    32
       Tentacles         |     1 |     4 |     5 ||    10
       Constrict         |       |     4 |     5 ||     9
       Punch             |       |     1 |       ||     1
       Mace              |       |       |     2 ||     2
       Dagger            |       |       |     2 ||     2
Throw: Throwing net      |       |       |     4 ||     4
 Cast: Magic Dart        |    63 |    20 |    39 ||   122
       Searing Ray       |     5 |    25 |    36 ||    66
       Mephitic Cloud    |       |       |     1 ||     1
  Use: Potion            |     1 |       |     1 ||     2
       Scroll            |       |     5 |     5 ||    10
 Stab: Sleeping          |     1 |     6 |     2 ||     9
Armor: Skin              |       |     1 |       ||     1
Dodge: Dodged            |     5 |    21 |    18 ||    44
